Map: [ESL] Cosmic Sapphire

Players

Vindicta - Winner!

  • Race: Terran Terran
  • Spawn Location: 11:00

Bioice

  • Race: Zerg Zerg
  • Spawn Location: 5:00

Event: DreamHack SC2 Masters 2022 Atlanta (Online)

VOD

Have the link to the VOD?

Description

Time

  • Played on: Oct. 9, 2022, 2:37 p.m.
  • Length: 12:53

All games in this series

Show
View Real Time Build Order
Export as new Build Order

Vindicta Terran - Winner!

Build Orders: Reaper Expand, Hellion Banshee 

Get SALT Encoding   

  12  0:00  SCV  
  13  0:12  SCV  
  14  0:17  Supply Depot  
  14  0:24  SCV  
  15  0:38  SCV  
  15  0:40  Barracks  
  16  0:42  Refinery  
  16  0:50  SCV  
  17  1:02  SCV  
  18  1:14  SCV  
  19  1:27  Reaper, Orbital Command  
  20  1:39  Command Center  
  20  1:49  Supply Depot  
  20  1:53  SCV  
  21  1:58  Marine  
  22  2:05  SCV  
  22  2:08  Factory  
  23  2:17  SCV  
  23  2:21  Barracks Reactor  
  24  2:29  SCV  
  25  2:41  SCV  
  26  2:44  Command Center  
  26  2:52  Orbital Command  
  26  2:53  SCV  
  27  3:05  SCV, Starport  
  28  3:12  Refinery  
  28  3:16  Barracks Tech Lab  
  28  3:17  SCV x2  
  30  3:21  Hellion  
  30  3:24  Hellion  
  34  3:29  SCV  
  34  3:30  SCV  
  36  3:42  SCV x2  
  36  3:43  Hellion  
  36  3:46  Hellion  
  42  3:50  Banshee  
  42  3:54  SCV  
  46  3:58  SCV  
  46  4:02  Cloaking Field, Orbital Command  
  47  4:06  SCV  
  47  4:08  Hellion x2  
  52  4:10  SCV  
  52  4:11  Barracks Tech Lab  
  52  4:16  Supply Depot  
  53  4:18  SCV  
  53  4:22  SCV  
  55  4:30  SCV  
  60  4:33  SCV  
  60  4:34  Banshee  
  60  4:37  SCV  
  59  4:42  SCV  
  59  4:44  Barracks x2  
  59  4:45  SCV, Factory Reactor  
  61  4:51  SCV  
  61  4:54  SCV, Stimpack, Refinery  
  61  4:57  Supply Depot, Refinery, SCV  
  63  5:02  Engineering Bay  
  63  5:03  Engineering Bay, SCV  
  63  5:06  SCV  
  65  5:11  Orbital Command  
  65  5:16  SCV  
  65  5:18  SCV  
  67  5:25  Barracks x2  
  67  5:28  SCV, Marine  
  69  5:30  SCV  
  69  5:31  Supply Depot, Starport Reactor  
  69  5:33  Terran Infantry Armor Level 1, Terran Infantry Weapons Level 1  
  70  5:35  Marine x2  
  70  5:39  SCV  
  70  5:40  SCV  
  74  5:43  SCV  
  74  5:46  Marine  
  77  5:52  Supply Depot, Marine  
  77  5:53  Supply Depot, SCV x2, Siege Tank, Marine x2  
  77  5:54  Supply Depot  
  77  5:55  SCV  
  85  6:10  Supply Depot  
  85  6:13  Barracks Reactor, Medivac x2, Marine x3  
  85  6:14  Barracks Reactor  
  85  6:15  Marine x2  
  85  6:16  SCV x2  
  85  6:18  Supply Depot  
  97  6:20  Supply Depot, Armory  
  97  6:23  SCV  
  97  6:28  SCV  
  97  6:29  Siege Tank  
  97  6:31  Marine x3  
  97  6:32  SCV, Marine  
  102  6:34  Marine  
  102  6:35  SCV  
  102  6:37  Combat Shield  
  105  6:41  SCV  
  105  6:43  Refinery  
  105  6:44  SCV  
  105  6:45  Orbital Command x2  
  105  6:46  Orbital Command  
  107  6:48  Marine x2  
  107  6:50  Marine x5  
  107  6:51  Medivac  
  116  6:56  Medivac, Marine x2  
  120  7:06  Marine x2  
  120  7:08  Refinery, Factory, Marine x2  
  123  7:09  Marine  
  123  7:10  Marine x2  
  123  7:13  Marine x2  
  129  7:18  Drilling Claws  
  129  7:24  Marine x2  
  129  7:26  Marine x2  
  129  7:27  Marine  
  129  7:28  Marine  
  129  7:29  Marine  
  120  7:31  Marine  
  120  7:32  SCV  
  120  7:33  SCV  
  120  7:34  Terran Infantry Weapons Level 2  
  123  7:37  Marine  
  123  7:38  SCV  
  123  7:42  Marine x2  
  123  7:43  Terran Infantry Armor Level 2  
  127  7:44  SCV  
  127  7:45  Marine x2  
  127  7:46  Marine  
  132  7:51  Supply Depot  
  132  7:55  Factory Reactor  
  132  7:58  SCV, Marine  
  132  7:59  Marine  
  132  8:00  Command Center, Marine  
  132  8:01  Marine  
  132  8:02  Marine  
  132  8:04  Marine x2  
  132  8:05  Marine x2  
  141  8:16  SCV x2, Widow Mine, Marine  
  141  8:19  Supply Depot  
  146  8:20  Orbital Command  
  146  8:22  Medivac x2  
  146  8:24  Marine  
  146  8:25  Marine x4  
  146  8:26  Marine  
  156  8:28  Supply Depot  
  155  8:35  Widow Mine x2  
  155  8:36  Marine x3  
  156  8:49  Widow Mine  
  156  8:52  Supply Depot  
  156  8:53  Supply Depot, Medivac x2  
  162  8:56  Widow Mine  
  164  9:09  Marine  
  165  9:11  Marine x7  
  165  9:12  Widow Mine x2  
  165  9:15  SCV x2  
  179  9:23  SCV, Medivac  
  181  9:26  Widow Mine  
  181  9:27  SCV x2, Marine  
  181  9:28  Marauder  
  187  9:31  Barracks  
  187  9:32  Barracks x2  
  187  9:34  Marine x2  
  187  9:36  SCV  
  190  9:39  SCV  
  190  9:43  Widow Mine  
  191  9:48  Planetary Fortress  
  191  9:49  Marauder  
  182  10:02  Marine  
  182  10:04  Terran Infantry Weapons Level 3, SCV  
  182  10:05  Marine  
  177  10:18  Supply Depot  
  177  10:20  Supply Depot  
  177  10:21  Supply Depot  
  176  10:24  Barracks Tech Lab  
  176  10:26  Supply Depot  
  173  10:30  Barracks Tech Lab  
  173  10:33  Barracks Tech Lab  
  173  10:35  SCV, Medivac, Marine x4  
  172  10:36  Marauder  
  172  10:38  Widow Mine  
  172  10:40  SCV, Marine  
  172  10:42  Marine x2  
  167  10:43  Supply Depot  
  167  10:45  Marauder, Marine  
  167  10:49  Marine  
  164  10:53  Widow Mine, Marine x4  
  164  10:54  Marauder  
  164  10:56  Concussive Shells  
  172  10:57  Marauder, Marine  
  172  10:59  SCV, Widow Mine, Marine  
  172  11:01  Widow Mine, Marine  
  172  11:03  Command Center  
  180  11:04  Marine  
  180  11:06  Marauder  
  180  11:07  Marauder  
  180  11:10  Ghost Academy  
  171  11:11  Marine  
  171  11:14  Widow Mine, Marine x2  
  171  11:15  Marauder, Marine x2  
  175  11:18  Marauder  
  175  11:19  Marine  
  175  11:20  Widow Mine  
  175  11:22  Widow Mine  
  175  11:24  Marine  
  177  11:28  Marine  
  177  11:30  Command Center x2, Marauder  
  177  11:31  Marine  
  182  11:33  Marauder  
  182  11:34  Marine  
  182  11:37  Marauder  
  183  11:41  Marine  
  183  11:42  Marauder, Marine x2  
  183  11:44  Marine x2  
  187  11:47  Widow Mine, Marine  
  187  11:51  Marauder  
  187  11:52  Marine  
  187  11:53  Marine  
  164  11:54  Marauder  
  164  11:59  Marine x2  
  164  12:00  Marine  
  169  12:03  Widow Mine x2  
  169  12:04  Marauder, Marine x2  
  169  12:06  Medivac  
  169  12:08  Widow Mine, Marine  
  179  12:12  Marauder  
  179  12:14  Marine  
  175  12:19  Fusion Core, Marauder, Marine  
  175  12:21  Medivac  
  176  12:24  Widow Mine x2  
  176  12:29  Marine x2  
  186  12:30  Widow Mine, Marauder x2, Marine x2  
  186  12:32  Marine  
  186  12:35  Marine  
Show
View Real Time Build Order
Export as new Build Order

Bioice Zerg 

Build Orders: Hatch First 

Get SALT Encoding   

  12  0:00  Drone  
  13  0:12  Overlord  
  13  0:16  Drone  
  14  0:31  Drone x2  
  16  0:48  Hatchery  
  15  0:51  Drone  
  15  0:55  Drone  
  17  0:58  Drone  
  18  1:05  Extractor  
  17  1:14  Spawning Pool  
  17  1:17  Drone  
  17  1:20  Drone  
  18  1:28  Drone  
  19  1:39  Drone  
  20  1:50  Drone  
  21  2:02  Queen x2  
  21  2:03  Zergling x4  
  27  2:17  Hatchery  
  27  2:20  Overlord  
  26  2:25  Metabolic Boost  
  26  2:28  Drone  
  27  2:32  Drone  
  28  2:38  Overlord  
  28  2:44  Queen  
  30  2:52  Drone x2  
  30  2:54  Overlord  
  30  2:56  Drone  
  33  3:00  Drone  
  33  3:01  Drone  
  35  3:08  Queen  
  37  3:15  Drone x3  
  37  3:19  Overlord  
  40  3:20  Drone  
  41  3:27  Queen  
  41  3:29  Drone  
  41  3:30  Drone  
  45  3:35  Overlord  
  45  3:37  Drone  
  45  3:39  Drone  
  45  3:40  Drone  
  48  3:42  Drone  
  49  3:49  Zergling x4  
  49  3:50  Drone x2  
  49  3:55  Drone x3  
  55  3:57  Drone  
  55  4:00  Zergling x2  
  55  4:01  Zergling x2  
  58  4:04  Overlord  
  58  4:05  Drone  
  58  4:09  Drone  
  60  4:13  Baneling Nest  
  60  4:14  Queen  
  61  4:19  Queen  
  63  4:24  Queen  
  63  4:28  Zergling x2  
  65  4:32  Zergling x4  
  65  4:38  Drone x5  
  70  4:41  Drone x5  
  77  4:47  Spore Crawler  
  77  4:48  Zergling x4  
  77  4:50  Drone  
  78  4:55  Spore Crawler  
  78  4:59  Drone, Hatchery  
  77  5:00  Drone x2  
  77  5:03  Drone x2  
  81  5:09  Overlord  
  81  5:15  Queen, Extractor  
  81  5:16  Overlord, Extractor  
  81  5:17  Lair, Extractor x2  
  81  5:18  Drone x2  
  81  5:22  Overlord  
  81  5:24  Spore Crawler  
  81  5:26  Drone  
  81  5:27  Overlord  
  81  5:30  Evolution Chamber  
  81  5:31  Drone x2, Evolution Chamber  
  81  5:34  Drone x3  
  84  5:39  Drone x4  
  88  5:43  Drone x3  
  88  5:44  Drone  
  92  5:54  Drone x6  
  97  6:04  Overlord x2  
  97  6:06  Zerg Ground Armor Level 1, Zerg Melee Weapons Level 1  
  97  6:10  Overlord  
  97  6:13  Zergling x16  
  97  6:14  Zergling x2  
  106  6:22  Overseer  
  106  6:25  Zergling x12  
  112  6:32  Baneling x17  
  112  6:38  Centrifugal Hooks  
  112  6:44  Zergling x14  
  119  6:48  Overlord  
  119  6:49  Zergling x12  
  125  6:56  Zergling x10  
  125  7:01  Zergling x4  
  132  7:06  Zergling x2  
  133  7:12  Zergling x6, Infestation Pit  
  133  7:13  Baneling x4  
  131  7:29  Zergling x10  
  109  7:35  Zergling x18  
  109  7:37  Zergling x2  
  106  7:44  Zergling x20  
  106  7:47  Baneling x2  
  106  7:48  Baneling x3  
  115  7:51  Hive  
  115  7:52  Zergling x10  
  115  7:56  Baneling x14  
  115  7:57  Zergling x4  
  122  8:03  Zergling x2  
  123  8:07  Zerg Melee Weapons Level 2  
  123  8:08  Hatchery  
  123  8:12  Zergling x2  
  123  8:13  Zergling x12  
  123  8:16  Zerg Ground Armor Level 2  
  123  8:18  Zergling x4  
  123  8:35  Zergling x10  
  111  8:42  Drone  
  111  8:43  Drone x7  
  114  8:49  Zergling x16  
  114  8:51  Hatchery  
  114  8:55  Zergling x6, Extractor  
  123  8:59  Baneling x2  
  123  9:02  Zergling x6  
  126  9:07  Zergling x2  
  126  9:16  Zergling x8  
  126  9:17  Viper x3  
  130  9:21  Baneling x14  
  130  9:22  Zergling x2  
  130  9:23  Zergling x14  
  147  9:28  Zergling x4  
  145  9:31  Baneling x2  
  145  9:34  Zergling x4  
  145  9:37  Zergling x2  
  146  9:39  Baneling x8  
  139  9:47  Baneling  
  139  9:48  Baneling x5  
  139  9:49  Zergling x2  
  139  9:50  Zergling x16  
  134  10:00  Zergling x12  
  134  10:05  Baneling x14  
  134  10:06  Zergling x4  
  140  10:10  Zergling x2  
  136  10:16  Zergling x6  
  136  10:21  Overseer  
  134  10:23  Baneling x10  
  134  10:26  Zergling x2  
  134  10:27  Zergling x16  
  141  10:28  Overlord x4  
  141  10:29  Overlord x2  
  141  10:38  Hatchery  
  141  10:40  Baneling x10  
  132  10:47  Zergling x14  
  132  10:49  Zergling x2  
  131  10:51  Baneling x3  
  131  10:52  Baneling x5  
  128  11:00  Zergling x12  
  130  11:06  Zergling x4  
  130  11:11  Zergling x4  
  123  11:15  Zergling x2  
  123  11:16  Zergling x2  
  114  11:21  Zergling x4  
  113  11:26  Zergling x14  
  113  11:28  Baneling x18  
  113  11:30  Queen  
  113  11:31  Zergling x4  
  123  11:34  Zergling x4  
  123  11:36  Queen  
  123  11:38  Zergling x2  
  128  11:40  Zergling x8  
  128  11:43  Hatchery  
  128  11:44  Zergling x2  
  130  11:50  Zergling x8  
  130  11:54  Zergling x8  
  116  11:56  Baneling x5  
  116  11:58  Queen  
  120  12:03  Baneling x16  
  117  12:13  Zergling x2  
  117  12:14  Zergling x20  
  121  12:16  Zergling x2  
  121  12:17  Zergling x2  
  121  12:19  Zergling x6  
  121  12:22  Baneling x4  
  126  12:24  Zergling x2  
  126  12:27  Zergling x2  
  126  12:28  Zergling x8  
  130  12:30  Zergling x6  
  130  12:32  Zergling x2  
  130  12:33  Zergling x4  
  130  12:34  Baneling  
  130  12:35  Baneling x3  
Tags
 
Add a new tag
Caveats
  • Supply blocks, unpowered buildings, or Contaminate may cause inaccurate times.
  • Supply counts are checked every 10 seconds.